 Dungeon Sprint DCSS version 0.22-a0-617-g6d95e9e (webtiles) character file.

104 Kidiri the Sneak (level 4, 0/23 HPs)
             Began as a Spriggan Enchanter on July 13, 2018.
             Slain by a tyrant leech (23 damage)
             ... in the Dungeon (Sprint II: "The Violet Keep of Menkaure").
             The game lasted 00:01:55 (291 turns).

Kidiri the Sneak (Spriggan Enchanter)                Turns: 291, Time: 00:01:56

Health: 0/23       AC:  2    Str:  4    XL:     4   Next: 52%
Magic:  12/12      EV: 21    Int: 16    God:
Gold:   486        SH:  0    Dex: 17    Spells: 1/13 levels left

rFire    . . .     SeeInvis +   a - +1 dagger
rCold    . . .     Gourm    .   (shield restricted)
rNeg     . . .     Faith    .   b - +0 robe
rPois    .         Spirit   .   (helmet restricted)
rElec    .         Reflect  .   (no cloak)
rCorr    .         Harm     .   (gloves unavailable)
MR       .....     NoTele   +   (boots unavailable)
Stlth    ++++......             (no amulet)
HPRegen  0.07/turn              (no ring)
MPRegen  0.13/turn              (no ring)

@: very quick
A: very small, unfitting armour, see invisible, herbivore, speed 3, slow
metabolism 2
a: no special abilities


You were in the Dungeon.
You were not hungry.

You visited 1 branch You collected 486 gold pieces.

Inventory:

Hand Weapons
 a - a +1 dagger (weapon)
Armour
 b - a +0 robe (worn)
Scrolls
 j - a scroll of blinking
Potions
 e - a potion of curing
 f - a potion of heal wounds
 g - a potion of haste
 h - 2 potions of magic
 i - a potion of berserk rage
Comestibles
 d - a ration


   Skills:
 + Level 1.9 Fighting
 * Level 4.1 Short Blades
 + Level 1.6 Armour
 * Level 6.1 Dodging
 * Level 7.3 Stealth
 * Level 5.2 Spellcasting
 + Level 0.4 Conjurations
 + Level 4.8 Hexes
 + Level 0.5 Ice Magic


You had one spell level left.
You knew the following spells:

 Your Spells              Type           Power        Failure   Level  Hunger
a - Corona                Hex            ###....      1%          1    None
b - Ensorcelled Hibernat  Hex/Ice        ##....       8%          2    #......
c - Confuse               Hex            ###.....     6%          3    ###....
d - Tukima's Dance        Hex            ###.....     6%          3    ###....
e - Dazzling Spray        Conj/Hex       ##....       16%         3    ###....

Your spell library contained the following spells:

 Spells                   Type           Power        Failure   Level  Hunger


Dungeon Overview and Level Annotations

Branches:
Dungeon (1/1)

Altars:

Shops:
D ?([%[%}:


Innate Abilities, Weirdness & Mutations

You are very small and have problems with some larger weapons.
You are too small for most types of armour.
You have supernaturally acute eyesight. (SInv)
You are a herbivore.
You cover ground extremely quickly.
You need to consume almost no food.


Message History

There is an open door here.
Unknown command.
You close the door.
You see here a worm corpse.
There is an open door here.
You close the door.
You start resting.
Magic restored.
Unknown command.
There is a staircase leading out of the dungeon here.
You open the door. 2 tyrant leeches come into view.
Found 243 gold pieces.
There is an open door here.
The helpless tyrant leech fails to defend itself.
You skewer the tyrant leech like a kebab!!!
The tyrant leech is heavily wounded.
The tyrant leech bites you!!
Ouch! That really hurt!
You die...

.∩...#≈ ##. .##
∩.∩..#≈ ..#m.
.∩.⌠.#≈ ### .$. ###
∩.∩..#≈##.###+###†#
.∩...#≈#.†.##.##..##
+≈+##.+.<.+##.+
.....#≈#.####.##..##
▓▓▓###≈##†# #'###†#
######≈ ####.#@####
## #.w#w.# ##.#$##
##+##


You could see a tyrant leech.

Vanquished Creatures
  4 worker ants (D)
  3 worms (D)
7 creatures vanquished.

Vanquished Creatures (others)
  A crocodile (D)
1 creature vanquished.

Grand Total: 8 creatures vanquished

Notes
Turn   | Place    | Note
-------+----------+-------------------------------------------
     0 | D        | Kidiri the Spriggan Enchanter began the quest for the Orb.
     0 | D        | Reached XP level 1. HP: 9/9 MP: 5/5
     1 | D        | Noticed a merfolk siren
   106 | D        | Noticed a worker ant
   106 | D        | Noticed a worker ant
   106 | D        | Noticed a worker ant
   106 | D        | Noticed a worker ant
   109 | D        | Killed a worker ant
   109 | D        | Reached skill level 1 in Fighting
   109 | D        | Reached skill level 5 in Stealth
   109 | D        | Reached XP level 2. HP: 14/14 MP: 5/7
   110 | D        | Reached skill level 1 in Armour
   110 | D        | Reached skill level 5 in Dodging
   110 | D        | Reached skill level 6 in Stealth
   110 | D        | Reached XP level 3. HP: 18/18 MP: 5/9
   114 | D        | Reached XP level 4. HP: 22/22 MP: 5/11
   122 | D        | Learned a level 2 spell: Ensorcelled Hibernation
   126 | D        | Learned a level 3 spell: Confuse
   130 | D        | Learned a level 3 spell: Tukima's Dance
   134 | D        | Learned a level 3 spell: Dazzling Spray
   168 | D        | Reached skill level 7 in Stealth
   168 | D        | Reached skill level 5 in Spellcasting
   188 | D        | Killed a crocodile
   261 | D        | Found Ciymp's Food Emporium.
   261 | D        | Found Kighek's Book Emporium.
   261 | D        | Found Rajueruo's Antique Armour Shoppe.
   261 | D        | Found Bepakyum's Antique Armour Shoppe.
   261 | D        | Found Dugurr's Gadget Shoppe.
   261 | D        | Found Conudo's Antique Weapon Emporium.
   261 | D        | Found Jiyfusch's Food Emporium.
   261 | D        | Found Ifonill's Magic Scroll Shoppe.
   288 | D        | Noticed a tyrant leech
   288 | D        | Noticed a tyrant leech
   291 | D        | Slain by a tyrant leech

Vault maps used:
D:        the_violet_keep_of_menkaure

Skill      XL: |  1  2  3  4 |
---------------+-------------+-----
Fighting       | 1 |  1.9
Short Blades   | 2 3 4 |  4.1
Dodging        | 4 5 6 |  6.1
Stealth        | 5 6 7 |  7.3
Spellcasting   | 3 4 5 |  5.2
Hexes          | 4 |  4.8
Armour         | 1 |  1.6
Conjurations   | |  0.4
Ice Magic      | |  0.5

Action                   |  1- 3 |  4- 6 || total
-------------------------+-------+-------++-------
Melee: Dagger            |     3 |     5 ||     8
 Cast: Ensorcelled Hiber |       |     4 ||     4
 Stab: Sleeping          |     3 |     5 ||     8
Armor: Robe              |     1 |       ||     1
Dodge: Dodged            |     1 |     1 ||     2

Table legend:
 A = Spawn XP
 B = Non-spawn XP
 C = Spawn XP percentage of total XP
 D = Spawn monster count
 E = Non-spawn monster count
 F = Spawn count percentage of total count
 G = Total turns spent on level
                    A         B        C        D         E        F      G
               +---------+---------+-------+---------+---------+-------+---------
         Total |       0 |     149 |   0.0 |       0 |       7 |   0.0 |   291
               +---------+---------+-------+---------+---------+-------+---------
             D |       0 |     149 |   0.0 |       0 |       7 |   0.0 |   291
               +---------+---------+-------+---------+---------+-------+---------
